 Dungeon Crawl Stone Soup version 0.30.1-4-g462c640d31 (webtiles) character file.

Game seed: 12711488602608643929

10 croobank the Sneak (level 2, 0/21 HPs)
             Began as an Octopode Delver on Aug 11, 2023.
             Killed by divine providence
             ... invoked by an orc priest
              (12 damage)
             ... on level 4 of the Dungeon.
             The game lasted 00:01:02 (85 turns).

croobank the Sneak (Octopode Delver)                  Turns: 85, Time: 00:01:02

Health: 0/21       AC:  1    Str: 11    XL:     2   Next: 20%
Magic:  2/2        EV: 13    Int: 12    God:
Gold:   15         SH:  0    Dex: 13    Spells: 1/1 levels left

rFire   . . .        a - +0 short sword
rCold   . . .        (no shield)
rNeg    . . .        (helmet restricted)
rPois   .            (no amulet)
rElec   .            (no ring)
rCorr   .            (no ring)
SInv    .            (no ring)
Will    .....        (no ring)
Stlth   ++++         (no ring)
HPRegen 0.23/turn    (no ring)
MPRegen 0.08/turn    (no ring)
                     (no ring)

%: no passive effects
@: no status effects
A: almost no armour, amphibious, 8 rings, camouflage 1, gelatinous body 1,
(nimble swimmer 1), tentacles
a: no special abilities


You were on level 4 of the Dungeon.
You visited 1 branch of the dungeon, and saw 2 of its levels.

You collected 15 gold pieces.

Inventory:

Hand Weapons
 a - a +0 short sword (weapon)
Wands
 f - a wand of digging (3)
Scrolls
 b - a scroll of fog
 c - a scroll of magic mapping


   Skills:
 + Level 3.1 Fighting
 + Level 2.2 Short Blades
 + Level 2.2 Dodging
 + Level 6.8 Stealth


You had one spell level left.
You didn't know any spells.
Your spell library was empty.

Dungeon Overview and Level Annotations

Branches:
Dungeon (5/15)
 Temple: D:4-7

Altars:


Innate Abilities, Weirdness & Mutations

You cannot wear most types of armour.
You are amphibious.
You can wear up to eight rings at the same time.
Your skin changes colour to match your surroundings (Stealth+).
Your rubbery body absorbs attacks. (AC +1, EV +1)
((You are camouflaged when in or above water. (Stealth+)))
You have tentacles for arms and can constrict up to eight enemies at once.


Message History

You hit the adder. Your grab misses the adder.
The adder is lightly wounded.
An orc comes into view. It is wielding a +0 whip.
You hit the adder. Your grab misses the adder.
The adder is moderately wounded.
The adder bites you.
You closely miss the adder. Your grab misses the adder.
Your squeeze misses the adder.
The adder is moderately wounded.
The adder closely misses you.
An adder comes into view.
You closely miss the adder.
The adder hisses angrily.
Your grab misses the adder. Your squeeze misses the adder.
The adder is lightly wounded.
A nearby plant withers and dies.
The adder closely misses you.
An orc comes into view. It is wielding a +0 short sword.
Something hits the plant.
The orc shouts!
You hit the adder but do no damage. Your grab misses the adder.
The adder is lightly wounded.
You feel yourself slow down. The adder bites you.
You barely miss the adder. Your grab misses the adder.
Your squeeze misses the adder.
The adder is lightly wounded.
The orc priest looks satisfied for a moment.
The adder bites you.
An orc comes into view. It is wielding a +0 hand axe.
You hit the adder but do no damage. Your grab misses the adder.
The adder is lightly wounded.
A nearby plant withers and dies.
The adder misses you. The adder attacks as you move away! The adder bites you.
The adder attacks as you move away! The adder barely misses you.
The adder barely misses you. The adder attacks as you move away!
The adder closely misses you.
The orc priest invokes the aid of Beogh against you.
Beogh smites you!
Ouch! That really hurt!
You die...

#.. .# #..~~≈≈~~.
#..#.# #.$~~~≈~..
#..#.###..~P~~P$.
#.......#.~P~~..#
#...# #.#o).≈~~.#
#...# #..o~~≈P~.#
#.###S#..P≈≈~..
#...S.#..~≈~~~.
###@###..~≈≈P~.
#.# #.~P≈≈~.. #.#
#..~≈≈P~. #.#
#..~≈≈P~. #.#
#(.~~≈≈.. #.# #..
###


You could see an orc priest, 2 adders and an orc.

Vanquished Creatures
  An adder (D:4)
  A kobold (D:4)
2 creatures vanquished.

Notes
Turn   | Place    | Note
-------+----------+-------------------------------------------
     0 | D:5      | croobank the Octopode Delver began the quest for the Orb.
     0 | D:5      | Reached XP level 1. HP: 16/16 MP: 1/1
     6 | D:5      | Noticed an iguana
     8 | D:5      | Noticed an iguana
     8 | D:5      | Noticed an iguana
     9 | D:5      | Noticed a phantom
    39 | D:4      | Reached XP level 2. HP: 15/21 MP: 2/2
    85 | D:4      | Killed from afar by an orc priest

Illustrated notes

Levels and vault maps discovered:
D:4:      layout_loops_ring, grunt_gozag_statues, grunt_decor_junction,
          chequers_big_river, uniq_crazy_yiuf_cottage
D:5:      layout_rooms, portal_sewer_entry_d, minmay_misc_feat_plants,
          minmay_increasing_density

Action                     || total
---------------------------++-------
  Melee: Short sword       ||    17
         Constrict         ||     2
         Tentacles         ||     1
    Use: Scroll            ||     1
         Potion            ||     1
  Dodge: Dodged            ||    15
